[Event "*** SCC Grand Prix: Titled Tuesday Blitz"]
[Site "Chess.com"]
[Date "2020.07.07"]
[Round "1"]
[White "DishonorOnYourCow"]
[Black "NewBornNow"]
[Result "0-1"]
[WhiteElo "2326"]
[BlackElo "2653"]
[TimeControl "180+1"]
[EndTime "10:07:10 PDT"]
[Termination "NewBornNow won on time"]

1. d4 d6 2. c4 e5 3. d5 f5 4. e4 Nf6 5. Nc3 Be7 6. exf5 Bxf5 7.
Nge2 O-O 8. Ng3 Bg6 9. Bd3 Qe8 10. O-O Nbd7 11. Qc2 Bxd3 12. Qxd3 Nc5 13. Qc2 a5 14. f3 h5 15. Nf5 Nfd7 16. Be3 Qf7 17. Nxe7+ Qxe7 18. Rad1 Qf7 19. Ne4 Nxe4 20. Qxe4 Qf5 21.
Qxf5 Rxf5 22. Kf2 e4 23. Ke2 exf3+ 24. Rxf3 Rxf3 25. Kxf3 Ne5+ 26. Ke4 Nxc4 27. Bd4 Re8+ 28. Kf5 Re2 29. Rc1 b5 30. b3 Ne5 31. Rxc7 Kh7 32. Rb7 Rd2 33. Bxe5 Rxd5 34. Rxg7+ Kh6 0-1

[Event "*** SCC Grand Prix: Titled Tuesday Blitz"]
[Site "Chess.com"]
[Date "2020.07.07"]
[Round "1"]
[White "amintabatabaei"]
[Black "mbachez"]
[Result "1-0"]
[WhiteElo "2935"]
[BlackElo "2452"]
[TimeControl "180+1"]
[EndTime "10:07:11 PDT"]
[Termination "amintabatabaei won by resignation"]

1. e4 e6 2. d4 d5 3. Nc3 Bb4 4. e5 c5 5. a3 Bxc3+ 6. bxc3 Nc6 7. Nf3 Qa5 8. Bd2 Qa4 9. Qb1 c4 10. h4 Nge7 11. h5 h6 12. g3 Bd7 13. Bh3 O-O-O 14. O-O Kb8 15. Nh4 g5 16. Ng2 Qa5 17. Qd1 Ka8 18. Ne3 Rdf8 19. Ng4 Ng8 20. f4 gxf4 21. Rxf4 Nge7 22. Nf6 Bc8 23. Kh2 Ng8 24.
Qe2 Nxf6 25. Rxf6 Qa4 26. Bxh6 Rfg8 27. g4 Qa5 28. Bd2 Qc7 29. g5 Rh7 30. h6 Ne7 31. Raf1 Nf5 32. Bxf5 exf5 33. Bf4 Be6 34. Rg1 Rg6 35.
Qd2 Qe7 36. Rxg6 fxg6 37. Qc1 Bd7 38. Qb2 Rxh6+ 39. Kg3 Rh5 40. Rb1 Bc6 41. Qb4 Qe8 42.
Qd6 Qh8 43. e6 Rh4 44. Kf3 Rg4 45. Bg3 a6 46. e7 Re4 47. Qd8+ 1-0

[Event "*** SCC Grand Prix: Titled Tuesday Blitz"]
[Site "Chess.com"]
[Date "2020.07.07"]
[Round "1"]
[White "jaskol95"]
[Black "frederiksvane"]
[Result "1-0"]
[WhiteElo "2385"]
[BlackElo "2672"]
[TimeControl "180+1"]
[EndTime "10:07:11 PDT"]
[Termination "jaskol95 won on time"]

1. d4 Nf6 2. c4 e6 3. Nf3 b6 4. g3 Bb4+ 5. Bd2 Be7 6. Bg2 c6 7.
Nc3 d5 8. O-O O-O 9. cxd5 cxd5 10. Rc1 Bb7 11. Bg5 h6 12. Bxf6 Bxf6 13. e3 Nc6 14.
Re1 Rc8 15. a3 Na5 16. Nd2 Qd7 17. h3 Rc7 18. Na2 Rfc8 19. Rxc7 Qxc7 20. Qb1 Qc2 21. Rd1 Qxb1 22. Rxb1 Rc2 23. Nf3 Nc4 24. Nc3 Rxb2 25. Rxb2 Nxb2 26. Nb5 a5 27. Ne5 Bxe5 28. dxe5 Nc4 29.
a4 Bc6 30. Nc3 Nb2 31. f4 Nxa4 32. Ne2 Bd7 33. Nd4 b5 34. Bf3 b4 35. e4 dxe4 36. Bxe4 Nc3 37. Bd3 a4 38. f5 exf5 39. Nxf5 Bxf5 40.
Bxf5 1-0

[Event "*** SCC Grand Prix: Titled Tuesday Blitz"]
[Site "Chess.com"]
[Date "2020.07.07"]
[Round "1"]
[White "aleksandrovaleksei"]
[Black "Ave_Mariia"]
[Result "1-0"]
[WhiteElo "2657"]
[BlackElo "2332"]
[TimeControl "180+1"]
[EndTime "10:07:11 PDT"]
[Termination "aleksandrovaleksei won by resignation"]

1. d4 Nf6 2. c4 e6 3. Nc3 Bb4 4. e3 O-O 5. Bd3 d5 6. cxd5 exd5 7. Ne2 c6 8. O-O Re8 9. Bd2 Nbd7 10. f3 Nf8 11. Qe1 Ng6 12. Qf2 b6 13. Rad1 Qe7 14.
Kh1 Bd6 15. Ng3 c5 16. Nce2 c4 17. Nf5 Bxf5 18. Bxf5 b5 19. b3 b4 20. bxc4 dxc4 21. e4 c3 22. Bc1 Bc7 23. e5 Nd5 24. Be4 Rad8 25. f4 f5 26. Bxf5 Nh4 27. Bc2 Rf8 28. g3 Nf5 29. g4 Nh4 30. f5 h5 31.
f6 Qd7 32. Qxh4 Qc6 33. Be4 c2 34. Rde1 Qc4 35. Qxh5 Nc3 36. Bh7+ 1-0

[Event "*** SCC Grand Prix: Titled Tuesday Blitz"]
[Site "Chess.com"]
[Date "2020.07.07"]
[Round "1"]
[White "Mbneu"]
[Black "Mr_Sinigami"]
[Result "1-0"]
[WhiteElo "2260"]
[BlackElo "2565"]
[TimeControl "180+1"]
[EndTime "10:07:12 PDT"]
[Termination "Mbneu won on time"]

1. d4 c5 2. d5 d6 3. c4 Nf6 4. Nc3 g6 5. e4 Bg7 6. f4 Nbd7 7.
Nf3 O-O 8. Be2 a6 9. a4 Qc7 10. O-O e6 11. dxe6 fxe6 12. Ng5 Re8 13. f5 Ne5 14.
fxg6 hxg6 15. Bf4 Bd7 16. Bxe5 dxe5 17. Qd3 Rad8 18. Qh3 Bc8 19. Bg4 Qe7 20. Rae1 Nh5 21. Nf7 Rd2 22. Bxh5 gxh5 23. Qxh5 Rf8 24. Ng5 Bf6 25.
h4 Qg7 26. Rf3 Bxg5 27. Rxf8+ Kxf8 28. hxg5 Ke7 29. Rf1 Bd7 30. g6 Be8 31. Qh7 1-0

[Event "*** SCC Grand Prix: Titled Tuesday Blitz"]
[Site "Chess.com"]
[Date "2020.07.07"]
[Round "1"]
[White "carlesdc96"]
[Black "killer311"]
[Result "1/2-1/2"]
[WhiteElo "2699"]
[BlackElo "2387"]
[TimeControl "180+1"]
[EndTime "10:07:13 PDT"]
[Termination "Game drawn by repetition"]

1. e4 c6 2. Nc3 d5 3. Nf3 dxe4 4. Nxe4 Nf6 5. Qe2 Nxe4 6. Qxe4 Qa5 7. Bc4 Bf5 8. Qf4 e6 9. c3 Be7 10. O-O Nd7 11. d4 O-O 12. h3 Nf6 13. Ne5 Qc7 14.
Re1 c5 15. Bb3 Rac8 16. g4 Bg6 17. Nxg6 hxg6 18. Qxc7 Rxc7 19. Bf4 Rcc8 20. dxc5 Bxc5 21. Rad1 Rfd8 22. Kg2 Kf8 23. Kf3 Ke7 24. Be5 Bd6 25. Bd4 Bc5 26. Be5 Bd6 27. Bxd6+ Rxd6 28. Rxd6 Kxd6 29.
Rd1+ Ke7 30. Rd4 Rd8 31. Rb4 b6 32. Ke2 Rh8 33. Ra4 a5 34. Rc4 Rxh3 35. Rc7+ Kf8 36. Rb7 Nxg4 37. Rxb6 Rh2 38. Kf3 f5 39. Rxe6 Rxf2+ 40.
Kg3 Rxb2 41. Rxg6 a4 42. Bxa4 Rxa2 43. Bd1 Ra3 44. Bxg4 fxg4 45. Rxg4 Rxc3+ 46. Kg2 Kf7 47. Rf4+ Kg6 48. Rg4+ Kh6 49. Rh4+ Kg5 50. Ra4 g6 51. Ra5+ Kh4 52. Ra4+ Kh5 53. Ra5+ g5 54. Ra4 Rb3 55. Rc4 Ra3 56. Rb4 Rc3 57. Ra4 Rb3 58. Rc4 Ra3 59. Rb4 Rc3 60. Ra4 1/2-1/2

[Event "*** SCC Grand Prix: Titled Tuesday Blitz"]
[Site "Chess.com"]
[Date "2020.07.07"]
[Round "1"]
[White "Sven_Tica"]
[Black "MF1966Idrisov"]
[Result "1-0"]
[WhiteElo "2645"]
[BlackElo "2322"]
[TimeControl "180+1"]
[EndTime "10:07:14 PDT"]
[Termination "Sven_Tica won by resignation"]

1. d4 d6 2. Nf3 f5 3. g3 Nf6 4. Bg2 e6 5. O-O Be7 6. c4 O-O 7. Nc3 Ne4 8. Nxe4 fxe4 9. Nd2 d5 10. f3 Nc6 11. e3 exf3 12. Nxf3 Bd7 13. cxd5 exd5 14.
Qb3 Be6 15. Qxb7 Qd7 16. a3 a5 17. Qb5 Rab8 18. Qe2 Bg4 19. Qc2 Bf5 20. Qc3 Be4 21.
Bd2 a4 22. Rac1 Rb6 23. Rf2 Bd6 24. Rcf1 Rfb8 25. Bc1 Rb3 26. Qe1 Ne7 27. Nd2 Bxg2 28. Kxg2 R3b5 29. Nb1 Ng6 30. Nc3 Rb3 31. Nxd5 Bxg3 32.
hxg3 Qxd5+ 33. Kg1 Qg5 34. Rg2 Qg4 35. Qe2 Qe4 36.
Qc4+ Kh8 37. Qxa4 Rxe3 38. Bxe3 Qxe3+ 39. Rff2 Qc1+ 40. Kh2 Qh6+ 41. Kg1 Qc1+ 42. Rf1 Qe3+ 43. Kh1 h6 44. Qc2 Qg5 45. Qf5 Rb5 46. Qxg5 Rxg5 47. a4 Rd5 48. Ra1 Ne7 49. Rc2 Nf5 50. Rxc7 Nxg3+ 51.
Kg2 Ne4 52. a5 Rf5 53. a6 Rf2+ 54. Kg1 1-0

[Event "*** SCC Grand Prix: Titled Tuesday Blitz"]
[Site "Chess.com"]
[Date "2020.07.07"]
[Round "1"]
[White "boasovietica"]
[Black "Vaathi_Coming"]
[Result "1/2-1/2"]
[WhiteElo "2455"]
[BlackElo "2896"]
[TimeControl "180+1"]
[EndTime "10:07:15 PDT"]
[Termination "Game drawn by repetition"]

1. e4 c5 2. Nf3 Nc6 3. d4 cxd4 4. Nxd4 Nf6 5. Nc3 h5 6. Bg5 Qa5 7. Bxf6 gxf6 8. Nb3 Qg5 9. Qd3 e6 10. h4 Qe5 11. Be2 a6 12. O-O-O b5 13. g3 Qc7 14. f4 Bb7 15. Rhe1 O-O-O 16. Bf3 Kb8 17. Kb1 Be7 18. Qe3 d6 19. Nd5 exd5 20. exd5 Ne5 21. fxe5 fxe5 22. Nd4 f5 23. Nxf5 Bf6 24.
Qe2 Bc8 25. Ne3 Rhg8 26. Rg1 e4 27. Bxh5 Qe7 28. c3 Qe5 29. Bg4 Bxg4 30. Nxg4 Qh5 31. Qe3 Qxg4 32. Qb6+ Kc8 33. Qc6+ Kb8 34. Qb6+ Kc8 35.
Qc6+ Kb8 36. Qb6+ 1/2-1/2

[Event "*** SCC Grand Prix: Titled Tuesday Blitz"]
[Site "Chess.com"]
[Date "2020.07.07"]
[Round "1"]
[White "MihailNik"]
[Black "Caterpiller35"]
[Result "1-0"]
[WhiteElo "2686"]
[BlackElo "2367"]
[TimeControl "180+1"]
[EndTime "10:07:15 PDT"]
[Termination "MihailNik won on time"]

1. c4 e5 2. g3 Nc6 3. Bg2 Bc5 4.
Nc3 d6 5. Nf3 a6 6. d3 f5 7. O-O Nf6 8. Rb1 h6 9. a3 O-O 10. b4 Ba7 11. Bb2 Qe8 12. e3 f4 13.
exf4 exf4 14. d4 fxg3 15. hxg3 Bg4 16. c5 Qh5 17. Qd3 dxc5 18. dxc5 Rad8 19. Qc4+ Kh8 20. Nh4 Rd4 21. Qb3 g5 22. Ne4 Rxe4 23. Bxe4 gxh4 24. Qe3 Ne5 25. Qf4 Ned7 26. Rbe1 c6 27. Qd6 Bb8 28.
Qd3 hxg3 29. fxg3 Qh3 30. Bg2 Qxg3 31. Qxg3 Bxg3 32. Re7 1-0

[Event "*** SCC Grand Prix: Titled Tuesday Blitz"]
[Site "Chess.com"]
[Date "2020.07.07"]
[Round "1"]
[White "UKR_Master"]
[Black "DarkAlekhine"]
[Result "0-1"]
[WhiteElo "2299"]
[BlackElo "2622"]
[TimeControl "180+1"]
[EndTime "10:07:15 PDT"]
[Termination "DarkAlekhine won by resignation"]

1. e4 e6 2. d4 d5 3. Nd2 Be7 4. Ngf3 Nf6 5. e5 Nfd7 6. Bd3 c5 7. c3 Nc6 8. O-O g5 9. h3 h5 10. c4 g4 11. cxd5 exd5 12. e6 fxe6 13. Bg6+ Kf8 14.
Nh2 Nxd4 15. hxg4 hxg4 16. Qxg4 Qc7 17. Ndf3 Nf6 18. Qg5 Ne4 19. Qe3 Bg5 20. Qd3 Bxc1 21. Raxc1 Nxf3+ 22. Nxf3 Qg7 23. Bxe4 Qh6 24. Nh4 Qxh4 25.
Qf3+ Ke7 26. Qh3 Qxh3 27. gxh3 dxe4 28. Rxc5 Rg8+ 29. Kh2 b6 30. Rc7+ Kf6 31. Rfc1 Ba6 32. Rh7 Rg6 33. Rcc7 Rag8 34. Rcf7+ Ke5 35. Rh5+ Kd6 36. h4 Be2 37. Kh3 Bxh5 0-1

[Event "*** SCC Grand Prix: Titled Tuesday Blitz"]
[Site "Chess.com"]
[Date "2020.07.07"]
[Round "1"]
[White "EvgenyT"]
[Black "MathiasWomacka"]
[Result "1-0"]
[WhiteElo "2886"]
[BlackElo "2443"]
[TimeControl "180+1"]
[EndTime "10:07:16 PDT"]
[Termination "EvgenyT won on time"]

1. c4 c5 2. Nf3 Nf6 3. Nc3 e6 4. g3 b6 5. Bg2 Bb7 6. O-O Be7 7. d4 cxd4 8. Qxd4 d6 9. Rd1 a6 10. Bg5 Nbd7 11. Qd2 O-O 12. Bf4 Ne8 13. Rac1 Rc8 14.
b3 h6 15. Be3 Qc7 16. Bd4 Nef6 17. Qb2 Rfe8 18. Qb1 Qb8 19. Nd2 Bxg2 20. Kxg2 b5 21. Qd3 bxc4 22. bxc4 Qa8+ 23. Qf3 Qxf3+ 24. exf3 Rb8 25.
Nde4 Rec8 26. Bxf6 Nxf6 27. Nxf6+ Bxf6 28. Ne4 Rb2 29.
Nxd6 Rc6 30. Ne4 Rxa2 31. c5 Be7 32. Rd7 Kf8 33. Rb1 f5 34. Nd6 1-0

[Event "*** SCC Grand Prix: Titled Tuesday Blitz"]
[Site "Chess.com"]
[Date "2020.07.07"]
[Round "1"]
[White "kimstevenyap"]
[Black "WonderChampion"]
[Result "1-0"]
[WhiteElo "2491"]
[BlackElo "2032"]
[TimeControl "180+1"]
[EndTime "10:07:16 PDT"]
[Termination "kimstevenyap won by resignation"]

1. e4 c5 2. b3 Nc6 3. Bb2 d6 4. Bb5 Nf6 5. Qe2 g6 6. e5 dxe5 7.
Bxc6+ bxc6 8. Qxe5 Qd5 9. Nf3 Bg7 10. Nc3 Qxe5+ 11. Nxe5 Bb7 12. Na4 Nd7 13. Nc4 Bxb2 14. Ncxb2 Ba6 15. c4 O-O 16. Nd3 Rfd8 17. Ndxc5 Nxc5 18. Nxc5 Bc8 19. O-O-O a5 20. d4 Bf5 21. Rhe1 e6 22.
Na4 Rab8 23. Re5 Rd6 24. Rxa5 Rbd8 25. Rc5 Rxd4 26. Rxd4 Rxd4 27. Rxc6 Kg7 28. c5 Be4 29. Rd6 Rb4 30. f3 Bd5 31. Kd2 Kf6 32. Kc3 Rb8 33.
b4 Ke7 34. a3 Rb7 35. Nb6 Ra7 36. Nxd5+ exd5 37. Kb3 d4 38. Rxd4 f5 39. b5 Rb7 40. a4 Rc7 41. Kb4 Ra7 42. a5 Rc7 43. b6 Rb7 44. a6 Rb8 45. a7 Ra8 46. b7 Rxa7 47. b8=Q 1-0

[Event "*** SCC Grand Prix: Titled Tuesday Blitz"]
[Site "Chess.com"]
[Date "2020.07.07"]
[Round "1"]
[White "dawtonlms"]
[Black "Joshukid"]
[Result "0-1"]
[WhiteElo "2375"]
[BlackElo "2699"]
[TimeControl "180+1"]
[EndTime "10:07:17 PDT"]
[Termination "Joshukid won by resignation"]

1. e4 c6 2. d4 d5 3. exd5 cxd5 4. c3 Nc6 5. Bd3 g6 6. Bf4 Bg7 7. Nd2 Nh6 8. Ngf3 O-O 9. O-O f6 10. Re1 Nf7 11. Bg3 e5 12. dxe5 fxe5 13. Bb5 e4 14.
Bxc6 exf3 15. Ba4 fxg2 16. Bb3 Ng5 17. Kxg2 Kh8 18. Nf1 Bh3+ 19. Kh1 d4 20. cxd4 Nf3 21. Re3 Nxd4 22. Rd3 Qb6 23. Ne3 Rad8 24. Kg1 Qc6 25. Bd5 Rxd5 26. Nxd5 Qxd5 27. f3 Nxf3+ 28. Rxf3 Qxf3 29.
Qxf3 Rxf3 30. Rd1 Bxb2 31. Rd8+ Kg7 32. Rd7+ Kf8 33. Rd1 Bd4+ 34. Kh1 Rf1+ 35. Rxf1+ Bxf1 36. Bd6+ Kf7 0-1

[Event "*** SCC Grand Prix: Titled Tuesday Blitz"]
[Site "Chess.com"]
[Date "2020.07.07"]
[Round "1"]
[White "Trickov"]
[Black "econpower"]
[Result "0-1"]
[WhiteElo "2344"]
[BlackElo "2665"]
[TimeControl "180+1"]
[EndTime "10:07:17 PDT"]
[Termination "econpower won on time"]

1. d4 d6 2. Nf3 g6 3. g3 Bg7 4.
Bg2 Nd7 5. O-O e5 6. c4 Ne7 7. Nc3 O-O 8. e4 exd4 9. Nxd4 Nc6 10. Be3 Nde5 11. b3 Ng4 12. Nxc6 Nxe3 13. Qe2 bxc6 14.
Qxe3 Re8 15. Rac1 c5 16. Qd2 Bb7 17. Nd5 a5 18. Rfe1 Bc6 19. a3 Qb8 20. Rb1 Qa7 21.
b4 axb4 22. axb4 Bxd5 23. cxd5 c4 24. Rec1 c3 25. Rxc3 Bxc3 26. Qxc3 Qb6 27. b5 Ra2 28. Rb2 Ra1+ 29. Bf1 Rxe4 30. Kg2 Qd4 31. Qxd4 Rxd4 32.
Rc2 Ra7 33. Bc4 Kf8 34. h4 Ke7 35. Kf3 Ra3+ 36. Kg2 Kd8 37. h5 Ra4 38. hxg6 hxg6 39. Be2 Rxd5 40. Bf3 Rc5 41. Re2 d5 42. Re5 Rd4 43.
Re2 Rxb5 44. Ra2 Kd7 45. Bg4+ Kd6 46. Ra6+ Rb6 47. Ra8 Rdb4 48. Rd8+ Kc5 49. Bf3 Rd6 50. Rf8 Rd7 51. Bg4 Rxg4 0-1

[Event "*** SCC Grand Prix: Titled Tuesday Blitz"]
[Site "Chess.com"]
[Date "2020.07.07"]
[Round "1"]
[White "druskacik"]
[Black "hongnhung1234"]
[Result "1-0"]
[WhiteElo "2571"]
[BlackElo "2229"]
[TimeControl "180+1"]
[EndTime "10:07:17 PDT"]
[Termination "druskacik won by resignation"]

1. e4 c5 2. Nf3 e6 3. d4 cxd4 4. Nxd4 Nc6 5. Nc3 Qc7 6. g3 a6 7. Bg2 Nf6 8. O-O Be7 9. Nxc6 bxc6 10. Na4 d5 11. exd5 cxd5 12. c4 Bb7 13. Bf4 Qa5 14. Bg5 Bc6 15. Nc3 O-O-O 16. Bxf6 Bxf6 17. cxd5 Bxc3 18. Rc1 Bxd5 19. Rxc3+ Qxc3 20. bxc3 Bxg2 21. Qa4 Bxf1 22. Qc6+ Kb8 23. Qb6+ Ka8 24. Kxf1 Rc8 25. Qxa6+ Kb8 26. Qb6+ Ka8 27. a4 Rhd8 28. a5 Rd7 29.
a6 Rdc7 30. c4 Rd7 31. c5 Rdc7 32. c6 f6 33. Ke2 e5 34. Ke3 Ra7 35. Qb7+ Rxb7 36. cxb7+ Kb8 37. bxc8=Q+ Kxc8 38. Ke4 Kb8 39. Kd5 Ka7 40. Ke6 Kxa6 41. Kf7 Kb5 42. Kxg7 f5 43.
Kf6 f4 44. Kxe5 fxg3 45. hxg3 Kc5 46. f4 Kc6 47. Ke6 Kc7 48. Ke7 1-0

[Event "*** SCC Grand Prix: Titled Tuesday Blitz"]
[Site "Chess.com"]
[Date "2020.07.07"]
[Round "1"]
[White "Maghalashvili"]
[Black "XiaoKangZhong"]
[Result "1-0"]
[WhiteElo "2768"]
[BlackElo "2408"]
[TimeControl "180+1"]
[EndTime "10:07:18 PDT"]
[Termination "Maghalashvili won by checkmate"]

1. Nf3 Nf6 2. g3 d5 3. Bg2 Bf5 4. O-O h6 5. c4 e6 6. cxd5 exd5 7. d3 Be7 8. Qb3 b6 9. Nc3 O-O 10. Bf4 c6 11. Rfe1 d4 12. Nb1 Na6 13. Ne5 Nb4 14. a3 Be6 15. Qd1 Nbd5 16. Nxc6 Qe8 17. Nxe7+ Qxe7 18. Be5 Qc5 19. Bxf6 gxf6 20. Nd2 Rac8 21. Nb3 Qc2 22. Nxd4 Qxb2 23. Nxe6 fxe6 24. Qa4 a5 25. Qg4+ Kf7 26. Qh5+ Kg7 27. Bxd5 exd5 28. Qxd5 Rc2 29. Rab1 Qxa3 30. Rxb6 Rf7 31. Rb8 Qa2 32. Qd8 Rfc7 33. Qh8+ Kg6 34. Rg8+ Kf5 35. e4+ Ke6 36. Re8+ Re7 37. Qg8+ Kd7 38. Rd8+ Kc7 39. Rc8+ Kb6 40. Rb8+ Kc5 41. Qc8+ Kd6 42. Qd8+ Ke6 43. Qg8+ Ke5 44.
Rb5+ Kd4 45. Rd5+ Kc3 46. Rc5+ Kxd3 47. Re3+ Kd2 48. Rd5+ Kc1 49. Re1+ Kb2 50. Qb8+ Kc3 51. Re3+ Kc4 52. Qb5# 1-0

[Event "*** SCC Grand Prix: Titled Tuesday Blitz"]
[Site "Chess.com"]
[Date "2020.07.07"]
[Round "1"]
[White "szachuspl"]
[Black "skslaviaorlova"]
[Result "1-0"]
[WhiteElo "2477"]
[BlackElo "1878"]
[TimeControl "180+1"]
[EndTime "10:07:18 PDT"]
[Termination "szachuspl won by resignation"]

1. d4 Nf6 2. c4 c5 3. d5 b5 4. Nf3 bxc4 5. Nc3 e6 6. e4 exd5 7. exd5 d6 8. Bxc4 Be7 9. O-O O-O 10. Re1 Ba6 11. Nd2 Bxc4 12. Nxc4 Nbd7 13. a4 Nb6 14. Na3 a6 15. a5 Nc8 16. Nc4 Na7 17. Bf4 Nb5 18. Nb6 Ra7 19. Nxb5 axb5 20. b4 c4 21. Ra3 Re8 22. Rae3 Bf8 23. Rxe8 Nxe8 24. Be3 Re7 25. h3 h6 26. Bd4 g6 27. Rxe7 Bxe7 28.
a6 Nc7 29. a7 Bg5 30. Qa1 Na8 31. Qa6 Qe8 32. Qc8 Qxc8 33. Nxc8 Bd8 34. Nxd6 Bb6 35. Bxb6 Nxb6 36. Nxb5 Kf8 37. d6 Ke8 38. Kf1 Kd7 39. Ke2 f5 40. Kd2 Na8 41. Kc3 Nb6 42. Nc7 Kxd6 43.
a8=Q Nxa8 44. Nxa8 1-0

[Event "*** SCC Grand Prix: Titled Tuesday Blitz"]
[Site "Chess.com"]
[Date "2020.07.07"]
[Round "1"]
[White "SergeyKarjakin"]
[Black "elohunter1999"]
[Result "1-0"]
[WhiteElo "2959"]
[BlackElo "2453"]
[TimeControl "180+1"]
[EndTime "10:07:19 PDT"]
[Termination "SergeyKarjakin won on time"]

1. b3 e5 2. Bb2 Nc6 3. e3 Nf6 4. Bb5 Bd6 5. Na3 Na5 6. Be2 a6 7. c4 Qe7 8. Nb1 O-O 9. Nc3 Nc6 10. d3 b6 11. Nf3 Bb7 12. O-O h6 13. a3 Qd8 14.
Qc2 Re8 15. Rfd1 Bf8 16. b4 d5 17. cxd5 Nxd5 18. Ne4 g6 19. Rac1 Bg7 20. Qb1 Qd7 21. h3 Rad8 22. Qa1 Kh7 23. Ned2 f5 24. Nc4 e4 25. dxe4 Bxb2 26. Qxb2 Rxe4 27. Rd2 Qe7 28.
Rcd1 Nf6 29. Rxd8 Nxd8 30. Nd4 Bd5 31. Nd2 Re5 32. Bxa6 Rxe3 33. fxe3 Qxe3+ 34. Kf1 Nh5 35. Ne2 Nf4 36. Nxf4 Qxf4+ 37. Kg1 Qe3+ 38. Kh2 Qf2 39. Bf1 Ne6 40. Qe5 Nf4 41. Re1 1-0

[Event "*** SCC Grand Prix: Titled Tuesday Blitz"]
[Site "Chess.com"]
[Date "2020.07.07"]
[Round "1"]
[White "Artur0208"]
[Black "kingofkolkata"]
[Result "1-0"]
[WhiteElo "2791"]
[BlackElo "2414"]
[TimeControl "180+1"]
[EndTime "10:07:19 PDT"]
[Termination "Artur0208 won by checkmate"]

1. d4 d5 2. c4 e6 3. Nc3 Bb4 4. cxd5 exd5 5. Qa4+ Nc6 6. Nf3 Nf6 7. Bf4 O-O 8. e3 Ne4 9. Rc1 Bd7 10. Qc2 Bf5 11. Bd3 Nxc3 12. bxc3 Bxd3 13. Qxd3 Bd6 14. Bxd6 Qxd6 15. O-O h6 16. c4 Nb4 17. Qb3 dxc4 18. Rxc4 a5 19. a3 b5 20. Rc5 Na6 21. Rxb5 Rab8 22.
Qc4 Qxa3 23. Rxb8 Nxb8 24. Qxc7 a4 25. Ne5 Qb3 26. h3 a3 27. Qc4 Qb2 28. Nd3 Qd2 29. Ra1 Nd7 30. Rxa3 Nb6 31. Qc3 Qd1+ 32. Qe1 Qc2 33. Qc1 Qe2 34. Nf4 Qb5 35. Qc5 Qb1+ 36. Kh2 Nd7 37. Qd6 Nf6 38. f3 Qc2 39. e4 Qd2 40.
Nd3 Rc8 41. Qf4 Qe2 42. Qf5 Rc2 43. Ra8+ Ne8 44. Rxe8# 1-0

[Event "*** SCC Grand Prix: Titled Tuesday Blitz"]
[Site "Chess.com"]
[Date "2020.07.07"]
[Round "1"]
[White "theblitzchamp"]
[Black "Veiso"]
[Result "1-0"]
[WhiteElo "2739"]
[BlackElo "2397"]
[TimeControl "180+1"]
[EndTime "10:07:19 PDT"]
[Termination "theblitzchamp won by resignation"]

1. d4 d5 2. Bf4 Nf6 3. e3 e6 4. Nf3 c5 5. c3 Nc6 6. Nbd2 Bd6 7. Bg3 O-O 8. Bd3 b6 9. Qe2 Bb7 10. Rd1 h6 11. e4 Bxg3 12. hxg3 cxd4 13. cxd4 Nb4 14.
e5 Ne4 15. O-O Nxd3 16. Qxd3 Rc8 17. Rc1 Qd7 18. Qe3 Rxc1 19. Rxc1 Rc8 20. Nb3 Rxc1+ 21. Qxc1 Qc6 22. Qxc6 Bxc6 23. Kf1 a5 24. Ke2 Bb5+ 25. Ke3 Bf1 26. Ne1 Bc4 27. Nc1 Kf8 28. Ned3 Ke7 29. Nf4 Bf1 30. f3 g5 31. Nh5 Bxg2 32. fxe4 Bxe4 33.
Nf6 Bg6 34. g4 Bb1 35. a3 b5 36. b4 axb4 37. axb4 Bc2 38. Ne2 Bd1 39. Nc3 Ba4 40. Kd2 Kd8 41. Kc1 Bb3 42. Nxb5 Bc4 43. Nd6 1-0

[Event "*** SCC Grand Prix: Titled Tuesday Blitz"]
[Site "Chess.com"]
[Date "2020.07.07"]
[Round "1"]
[White "Bigfish1995"]
[Black "AwareIdea"]
[Result "1/2-1/2"]
[WhiteElo "3060"]
[BlackElo "2472"]
[TimeControl "180+1"]
[EndTime "10:07:20 PDT"]
[Termination "Game drawn by agreement"]

1. e4 e5 2. Nf3 Nc6 3. Nc3 Nf6 4. d4 exd4 5. Nxd4 Bb4 6. Nxc6 bxc6 7. Bd3 d5 8. exd5 cxd5 9. O-O O-O 10. Qf3 c6 11. Bg5 h6 12. Bxf6 Qxf6 13. Qxf6 gxf6 14. Ne2 Bd6 15.
Rad1 Rb8 16. b3 Bg4 17. h3 Bxe2 18. Bxe2 Rfd8 19. Rd4 Bc5 20. Ra4 Rb4 21. Ra5 Bb6 22. Ra6 Re4 23. Bd3 Re6 24. Rd1 Rde8 25. Kf1 Kg7 26.
a4 R8e7 27. b4 c5 28. a5 Bd8 29. bxc5 Rxa6 30. Bxa6 Bxa5 31. g3 Rc7 32. Rxd5 Bb4 33. c4 Bxc5 34. Bb5 a5 35. f4 Bb4 36. Ke2 a4 37. Bxa4 Rxc4 38. Bb5 Rc5 39. Rxc5 Bxc5 40.
Bd3 Bd6 41. Kf3 Be7 42. Kg4 Bd8 43. Bc4 Be7 44. Kh5 Bd8 45. g4 Bc7 46. f5 Bg3 47.
Bxf7 Bf4 48. Bc4 Bg3 49. Bb3 Bf2 50. h4 Be3 51. Bc4 Bd2 52. Ba2 Be3 53. Bb3 Bd2 1/2-1/2

[Event "*** SCC Grand Prix: Titled Tuesday Blitz"]
[Site "Chess.com"]
[Date "2020.07.07"]
[Round "1"]
[White "RaphCamora"]
[Black "David_Paravyan"]
[Result "0-1"]
[WhiteElo "2456"]
[BlackElo "2985"]
[TimeControl "180+1"]
[EndTime "10:07:20 PDT"]
[Termination "David_Paravyan won by resignation"]

1. e4 e5 2. Nf3 Nc6 3. Bc4 d6 4. c3 f5 5. d3 Qf6 6. Nbd2 f4 7. b4 Nge7 8. h4 g6 9. Bb2 Bg7 10. Qe2 h6 11. O-O-O Bg4 12. Nb3 a5 13. b5 Nb8 14.
a4 Nd7 15. Nbd2 Nc5 16. Bb3 Nxb3+ 17. Nxb3 c6 18. c4 cxb5 19. cxb5 Qe6 20. Qc2 Rc8 21.
Bc3 d5 22. d4 dxe4 23. Nxe5 Bxe5 24. dxe5 Qc4 25. Kb2 Nd5 26. Rxd5 Qxd5 27. e6 Bxe6 28.
f3 e3 29. Qxg6+ Bf7 30. Qe4+ Qxe4 31. fxe4 Rg8 32. Be5 Rxg2+ 33. Ka3 f3 34. Rd1 Rd8 35.
Rc1 f2 36. Bf6 e2 37. Nc5 e1=Q 0-1

[Event "*** SCC Grand Prix: Titled Tuesday Blitz"]
[Site "Chess.com"]
[Date "2020.07.07"]
[Round "1"]
[White "Keithonsky"]
[Black "WIDBIFS"]
[Result "0-1"]
[WhiteElo "2422"]
[BlackElo "2810"]
[TimeControl "180+1"]
[EndTime "10:07:20 PDT"]
[Termination "WIDBIFS won by resignation"]

1. d4 Nf6 2. c4 g6 3. Nc3 Bg7 4. e4 O-O 5. Bd3 d6 6. Nge2 e5 7. d5 a5 8. O-O Na6 9. a3 Nc5 10. Bc2 Bd7 11. Rb1 a4 12. f3 b6 13. Be3 Qe8 14. Qd2 Nh5 15. Rbe1 f5 16. exf5 gxf5 17.
f4 e4 18. Nd4 Nf6 19. h3 h5 20. Qd1 Qg6 21. Rf2 Kh7 22. Ndb5 Ne8 23. Nd4 Bf6 24.
Ndb5 Bh4 25. Ree2 Bxf2+ 26. Rxf2 Rg8 27. Kf1 Qg3 28. Qd2 Qh2 29. Ne2 Qh1+ 30. Ng1 Bxb5 31.
cxb5 Nf6 32. Qd1 Rg3 33. Bd4 Ncd7 34. Bxa4 Rag8 35. Qe2 Rd3 36. Bxf6 Nxf6 37. Bc2 Rxh3 38. Bd1 Rhg3 39. Qc2 Ng4 40. Bxg4 R3xg4 41. Qxc7+ R8g7 42. Qc2 Qh4 43. Qd2 Qh1 44. Qc2 h4 45. a4 h3 46. a5 Rxg2 47. Rxg2 Rxg2 48. Qc7+ Rg7 49. Qxb6 Qg2+ 50. Ke1 h2 51. Ne2 h1=Q+ 52. Kd2 Qhh2 53. Qe3 Rg3 0-1

[Event "*** SCC Grand Prix: Titled Tuesday Blitz"]
[Site "Chess.com"]
[Date "2020.07.07"]
[Round "1"]
[White "novocane"]
[Black "Zurability"]
[Result "0-1"]
[WhiteElo "2258"]
[BlackElo "2593"]
[TimeControl "180+1"]
[EndTime "10:07:20 PDT"]
[Termination "Zurability won on time"]

1. d4 Nf6 2. c4 e6 3. Nc3 Bb4 4. e3 O-O 5. Ne2 Re8 6. a3 Bf8 7. e4 d6 8. Ng3 e5 9. d5 c6 10. Be2 cxd5 11. cxd5 g6 12. O-O h5 13. Bg5 Be7 14.
f4 exf4 15. Bxf4 Nbd7 16. Qd2 Ne5 17. h3 Nfd7 18. Rf2 Bh4 19. Raf1 Qe7 20. Bxh5 gxh5 21. Nf5 Bxf2+ 22. Qxf2 Qf6 23. Qg3+ Qg6 24. Qh4 Nf8 25. Ne7+ Rxe7 26. Qxe7 Bxh3 27. Rf2 Nd3 28. Bxd6 Nxf2 29.
Kxf2 Qxg2+ 30. Ke3 Qg6 31. Ne2 Bg4 32. Nf4 Qh6 33. e5 Ng6 34. Qf6 Qg7 0-1